 Dungeon Crawl Stone Soup version 0.29-a0-266-gf56f883ddd (webtiles) character file.

Game seed: 14785192470532883352

690 croobank the Sneak (level 7, 0/61 HPs)
             Began as an Octopode Fire Elementalist on Mar 6, 2022.
             Succumbed to a killer bee's poison
             ... on level 5 of the Dungeon on Mar 7, 2022.
             The game lasted 00:21:21 (6271 turns).

croobank the Sneak (Octopode Fire Elementalist)     Turns: 6271, Time: 00:21:21

Health: 0/61       AC: 23    Str:  8    XL:     7   Next: 63%
Magic:  3/11       EV:  2    Int: 19    God:
Gold:   171        SH:  0    Dex: 12    Spells: 6/13 levels left

rFire   . . .      SeeInvis .   f - +0 dagger (protect)
rCold   . . .      Faith    .   (no shield)
rNeg    . . .      Spirit   .   (helmet currently unavailable)
rPois   +          Reflect  .   (no amulet)
rElec   .          Harm     .   (no ring)
rCorr   .          Rampage  .   (no ring)
Will    .....      Rage     1%  (no ring)
Stlth   +++....... NoTele   +   (no ring)
HPRegen 0.20/turn               (no ring)
MPRegen 0.12/turn               (no ring)
                                (no ring)
                                (no ring)

@: lethally poisoned (0 -> -2), tree-form, weak-willed
A: stationary, stasis, torment immunity, boosted hp, almost no armour,
(amphibious), 8 rings, (camouflage 1), (gelatinous body 1), (nimble swimmer 1),
(tentacles), (tentacle spike 1), berserk 1, low MP 1
a: no special abilities


You were on level 5 of the Dungeon.
You were a tree.
You visited 1 branch of the dungeon, and saw 5 of its levels.
You also visited: Sewer.

You collected 197 gold pieces.
You spent 26 gold pieces at shops.

Inventory:

Hand Weapons
 b - a +0 hunting sling
 c - a +0 short sword
 f - a +0 dagger of protection (weapon)
 p - a +0 hand crossbow
 s - a +0 arbalest
Missiles
 d - 15 poisoned darts
 h - 158 stones
 j - 3 atropa-tipped darts (quivered)
Wands
 n - a wand of flame (18)
 q - a wand of mindburst (4)
Scrolls
 e - a scroll of amnesia
 m - a scroll of vulnerability
 t - a scroll of teleportation
 v - 3 scrolls of brand weapon {unknown}
 w - a scroll of magic mapping
 y - a scroll of holy word {unknown}
Potions
 a - a potion of magic
 g - a potion of lignification


   Skills:
 + Level 4.1 Dodging
 + Level 5.6 Stealth
 + Level 3.8 Spellcasting
 + Level 3.6 Conjurations
 + Level 4.6 Fire Magic


You had 6 spell levels left.
You knew the following spells:

 Your Spells              Type           Power      Damage    Failure   Level
a - Foxfire               Conj/Fire      76%        2x1d7     2%          1
b - Scorch                Fire           42%        2d7       3%          2
c - Flame Wave            Conj/Fire      19%        2d6       26%         4

Your spell library contained the following spells:

 Spells                   Type           Power      Damage    Failure   Level
 Conjure Flame            Conj/Fire      19%        6-21      8%          3
 Inner Flame              Hex/Fire       12%        N/A       16%         3


Dungeon Overview and Level Annotations

Branches:
Dungeon (5/15)              Sewer (visited)
 Temple: D:4-7

Altars:
Beogh

Shops:
D:2 ?   D:3 !

Annotations:
D:4 3 runed translucent doors, siradein's ghost, novice DrSu


Innate Abilities, Weirdness & Mutations

You are a tree.
Your roots penetrate the ground, keeping you stationary.
You cannot be teleported.
You are immune to unholy pain and torment.
Your maximum health is greatly increased.
You cannot wear most types of armour.
((You are amphibious.))
You can wear up to eight rings at the same time.
((Your skin changes colour to match your surroundings (Stealth+).))
((Your rubbery body absorbs attacks. (AC +1, EV +1)))
((You are camouflaged when in or above water. (Stealth+)))
((You have tentacles for arms and can constrict up to eight enemies at once.))
((One of your tentacles bears a spike.))
You tend to lose your temper in combat.
Your magical capacity is low. (-10% MP)


Message History

* * * LOW HITPOINT WARNING * * *
You feel sick.
The killer bee stings you but does no damage.
The killer bee stings you.
* * * LOW HITPOINT WARNING * * *
You hit the killer bee.
Your weapon exudes an aura of protection.
You squeeze the killer bee!
The killer bee is almost dead.
You constrict the killer bee.
You kill the killer bee!
* * * LOW HITPOINT WARNING * * *
You feel sick.
Really quaff the potion of lignification?
You turn into a tree.
Your roots penetrate the ground.
* * * LOW HITPOINT WARNING * * *
You feel sick.
The gnoll shaman hits you with a +0 club.
* * * LOW HITPOINT WARNING * * *
Okay, then.
As you read the scroll labelled AZXIAFA NIUSK, it crumbles to dust.
You assume a fearsome visage.
The killer bee looks frightened! x3
The gnoll shaman looks frightened!
The gnoll looks frightened!
It was a scroll of fear.
* * * LOW HITPOINT WARNING * * *
You feel sick.
As you read the scroll labelled ELEGAL ECHE, it crumbles to dust.
You feel a strange sense of stasis.
It was a scroll of teleportation.
* * * LOW HITPOINT WARNING * * *
You feel sick.
As you read the scroll labelled KAOLUO VUBB, it crumbles to dust.
It is a scroll of enchant armour.
You aren't carrying any armour which can be enchanted further.
* * * LOW HITPOINT WARNING * * *
You feel sick.
Cornered, the gnoll shaman turns to fight!
As you read the scroll labelled GEWATI KAOQO, it crumbles to dust.
The creatures around you are filled with an inner flame!
It was a scroll of immolation.
You die...

*, #####+ ######## #######.....
#......#### #....##.....
#.........#######....##.....
*****#...............'....##.....
*,.,,#.........#######....#*,....
*,..,#......##########....######.
*>...#....y..yg†♣................
,,...........#########........###
,,...#........#,,,............# #
,,,*#.........#,**####........###
,,,*#....).#..#,* ########....
,,,*#..##.##..#,***********##....
,,.....§.)......,,,,,,,,,,,......
,,....,..........,,,,,,,,,,......
,*##.......#...###**,***<,,.#####


You could see a gnoll shaman (inner flame, weak-willed) and 2 killer bees.

Vanquished Creatures
  A black bear (D:2)
  A kobold brigand (Sewer)
  A scorpion (D:4)
  2 killer bees (D:5)
  2 jellies (D:4)
  An orc priest (D:5)
  An iguana (D:4)
  3 orc wizards
  2 gnolls (D:5)
  2 adders (D:4)
  7 worms
  2 dart slugs
  15 orcs
  4 ball pythons
  5 bats
  6 endoplasms
  7 giant cockroaches
  4 goblins
  7 hobgoblins
  10 jackals
  16 kobolds
  10 quokkas
  3 frilled lizards
  9 rats
121 creatures vanquished.

Vanquished Creatures (others)
  185 foxfires
185 creatures vanquished.

Grand Total: 306 creatures vanquished

Notes
Turn   | Place    | Note
-------+----------+-------------------------------------------
     0 | D:1      | croobank the Octopode Fire Elementalist began the quest for
                  | the Orb.
     0 | D:1      | Reached XP level 1. HP: 11/11 MP: 3/3
   122 | D:1      | Reached XP level 2. HP: 17/17 MP: 1/5
   125 | D:1      | Learned a level 2 spell: Scorch
   187 | D:1      | Reached skill level 3 in Stealth
   981 | D:1      | Reached XP level 3. HP: 21/21 MP: 4/6
  1537 | D:2      | Found Lof Tua's Magic Scroll Shoppe.
  1540 | D:2      | Bought a scroll of identify for 26 gold pieces
  1846 | D:2      | Noticed a black bear
  1861 | D:2      | Killed a black bear
  1862 | D:2      | Reached XP level 4. HP: 3/27 MP: 0/8
  1862 | D:2      | Reached XP level 5. HP: 4/31 MP: 0/9
  1957 | D:2      | Reached skill level 4 in Stealth
  2161 | D:2      | Found a faded altar of an unknown god.
  2456 | D:3      | Found Gogu's Distillery.
  4083 | D:4      | Reached XP level 6. HP: 36/36 MP: 7/10
  4178 | D:4      | Found a runed translucent gate.
  4179 | D:4      | Found a runed translucent gate.
  4180 | D:4      | Found a runed translucent gate.
  4441 | D:4      | Learned a level 4 spell: Flame Wave
  4566 | D:4      | Identified the +9 chain mail of Responsibility {rPois rF-
                  | rC+}
  5058 | D:4      | Reached skill level 5 in Stealth
  5159 | D:4      | Noticed siradein's ghost (novice DrSu)
  5162 | D:4      | Identified the +5 mace "Yrosobu" {freeze, rF+ Str+4 Dex-3}
  5352 | D:5      | Entered Level 5 of the Dungeon
  5359 | D:5      | Found a glowing drain.
  5404 | Sewer    | Entered a sewer
  5466 | Sewer    | Reached XP level 7. HP: 41/41 MP: 5/12
  6265 | D:5      | Gained mutation: You tend to lose your temper in combat.
                  | [potion of mutation]
  6265 | D:5      | Gained mutation: One of your tentacles bears a spike.
                  | [potion of mutation]
  6265 | D:5      | Gained mutation: Your magical capacity is low. (-10% MP)
                  | [potion of mutation]
  6267 | D:5      | HP: 3/61 [gnoll shaman/+0 club (2)]
  6269 | D:5      | HP: 1/61 [poisoned by a killer bee]
  6271 | D:5      | Succumbed to a killer bee's poison

Illustrated notes

Levels and vault maps discovered:
D:1:      minmay_arrival_stone_box, layout_basic
D:2:      layout_loops_ring, ebering_ecumenical_altar_abandoned, serial_shops,
          shop, minivault_26, minmay_misc_feat_hallway, nicolae_wormholes
D:3:      minmay_bubble_buster, layout_loops_corners, serial_shops,
          nicolae_shop_behind_doors
D:4:      layout_basic, biasface_ghost_orc_armoury, grunt_ministairs_13,
          kennysheep_cross_bottleneck
D:5:      layout_basic, cheibrodos_sewer_entry_bend, uniq_eustachio,
          uniq_menkaure

Skill      XL: |  1  2  3  4  5  6  7 |
---------------+----------------------+-----
Stealth        | 3 4 5 |  5.6
Conjurations   | 2 3 |  3.6
Dodging        | 3 4 |  4.1
Spellcasting   | 3 |  3.8
Fire Magic     | 4 |  4.6

Action                   |  1- 3 |  4- 6 |  7- 9 || total
-------------------------+-------+-------+-------++-------
Melee: Unarmed           |    18 |       |       ||    18
       Constrict         |     8 |    14 |     2 ||    24
       Tentacles         |     4 |    16 |     4 ||    24
       Dagger            |     7 |    42 |    16 ||    65
       Punch             |       |     1 |       ||     1
 Cast: Foxfire           |    43 |    49 |    16 ||   108
       Scorch            |     4 |    46 |    14 ||    64
       Flame Wave        |       |       |     1 ||     1
Evoke: Wand              |       |       |     3 ||     3
  Use: Scroll            |     1 |     3 |     7 ||    11
       Potion            |       |       |     8 ||     8
 Stab: Sleeping          |       |     1 |       ||     1
Armor: Skin              |     5 |     5 |     6 ||    16
Dodge: Dodged            |    28 |    37 |    43 ||   108

Table legend: (Time is in decaauts)
 A = Elapsed time spent in this place.
 B = Non-inter-level travel time spent in this place.
 C = Inter-level travel time spent in this place.
 D = Time resting spent in this place.
 E = Time spent auto-exploring this place.
 F = Levels seen in this place.
 G = Mean time per level.
                   A        B        C        D        E       F      G
               +--------+--------+--------+--------+--------+-----+--------+
         Total |   6268 |   6133 |    135 |    591 |   4497 |   6 | 1044.7 |
       Dungeon |   5858 |   5723 |    135 |    591 |   4260 |   5 | 1171.6 |
         Sewer |    409 |    409 |      0 |      0 |    237 |   1 |  409.0 |
               +--------+--------+--------+--------+--------+-----+--------+

Top non-repeatable levels by time:
     D:3: 1626 daAuts
     D:1: 1373 daAuts
     D:4: 1293 daAuts
     D:2: 1056 daAuts
     D:5: 508 daAuts
   Sewer: 409 daAuts
